 Dungeon Crawl Stone Soup version 0.22-a0-367-gb72a975 (webtiles) character file.

2 Amnesiac the Magician (level 1, -2/13 HPs)
             Began as a Mummy Wizard on Apr 22, 2018.
             Slain by a leopard gecko (5 damage)
             ... on level 2 of the Dungeon.
             The game lasted 00:00:24 (94 turns).

Amnesiac the Magician (Mummy Wizard)                  Turns: 94, Time: 00:00:24

Health: -2/13      AC:  2    Str: 10    XL:     1   Next: 33%
Magic:  0/5        EV: 12    Int: 17    God:
Gold:   0          SH:  0    Dex: 10    Spells: 7/8 levels left

rFire    x . .     SeeInvis .   (no weapon)
rCold    + . .     Gourm    .   (no shield)
rNeg     + + +     Faith    .   a - +0 robe
rPois    ∞         Spirit   .   b - +0 hat
rElec    .         Reflect  .   (no cloak)
rCorr    .         Harm     .   (no gloves)
MR       .....                  (no boots)
Stlth    ++........             (no amulet)
HPRegen  0.04/turn              (no ring)
MPRegen  0.09/turn              (no ring)

@: no status effects
A: no food or potions, fire vulnerability, cold resistance 1, negative energy
resistance 3, torment resistance, unbreathing
a: no special abilities


You were on level 2 of the Dungeon.
You were not hungry.

You visited 1 branch of the dungeon, and saw 2 of its levels.

Inventory:

Missiles
 c - 19 sling bullets
Armour
 a - a +0 robe (worn)
 b - a +0 hat (worn)


   Skills:
 + Level 0.2 Fighting
 * Level 1.7 Dodging
 - Level 1.5 Stealth
 - Level 4.0 Spellcasting
 - Level 0.7 Conjurations
   Level 0.7 Summonings
   Level 0.7 Translocations


You had 7 spell levels left.
You knew the following spells:

 Your Spells              Type           Power        Failure   Level  Hunger
a - Magic Dart            Conj           #...         12%         1    N/A

Dungeon Overview and Level Annotations

Branches:
Dungeon (2/15)

Altars:


Innate Abilities, Weirdness & Mutations

You do not eat or drink.
Your flesh is vulnerable to fire.
You are immune to poison.
Your flesh is cold resistant. (rC+)
You are immune to negative energy. (rN+++)
You are immune to unholy pain and torment.
You can survive without breathing.


Message History

The leopard gecko closely misses you.
The hobgoblin shouts!
The leopard gecko barely misses you.
Found a yellow potion.
A kobold comes into view.
The leopard gecko bites you. The hobgoblin closely misses you.
Found a stone staircase leading down.
The leopard gecko completely misses you. x2
The leopard gecko bites you.
* * * LOW HITPOINT WARNING * * *
Found a scroll labeled QIASTA VU XASE.
Found a robe.
The kobold throws a stone.
The stone closely misses you.
Your magical contamination has completely faded away.
Found a stone staircase leading down.
You see here a yellow potion {!q}.
The leopard gecko misses you.
There is a stone staircase leading down here.
The leopard gecko closely misses you.
You climb downwards.
There is a stone staircase leading up here.
Casting: Magic Dart (safe; 12% risk of failure)
Confirm with . or Enter, or press ? or * to list all spells.
Aiming: Magic Dart (safe; 12% risk of failure)
Press: ? - help, Shift-Dir - straight line, f - leopard gecko
Aim: a leopard gecko The magic dart hits the leopard gecko.
The leopard gecko is lightly wounded.
The leopard gecko barely misses you.
Casting: Magic Dart (safe; 12% risk of failure)
Confirm with . or Enter, or press ? or * to list all spells.
Aiming: Magic Dart (safe; 12% risk of failure)
Press: ? - help, Shift-Dir - straight line, f/p - leopard gecko
Aim: a leopard gecko (lightly wounded)
The magic dart hits the leopard gecko.
The leopard gecko is severely wounded.
The leopard gecko barely misses you.
Casting: Magic Dart (safe; 12% risk of failure)
Confirm with . or Enter, or press ? or * to list all spells.
You don't have enough magic to cast that spell.
You hit the leopard gecko but do no damage.
The leopard gecko is heavily wounded.
The leopard gecko barely misses you.
Casting: Magic Dart (safe; 12% risk of failure)
Confirm with . or Enter, or press ? or * to list all spells.
Aiming: Magic Dart (safe; 12% risk of failure)
Press: ? - help, Shift-Dir - straight line, f/p - leopard gecko
Aim: a leopard gecko (heavily wounded)
The magic dart hits the leopard gecko.
The leopard gecko is heavily wounded.
The leopard gecko barely misses you.
The leopard gecko bites you but does no damage.
You closely miss the leopard gecko.
The leopard gecko is heavily wounded.
The leopard gecko bites you.
* * * LOW HITPOINT WARNING * * *
Casting: Magic Dart (safe; 12% risk of failure)
Confirm with . or Enter, or press ? or * to list all spells.
You don't have enough magic to cast that spell.
You miss the leopard gecko.
The leopard gecko is heavily wounded.
The leopard gecko bites you.
You die...

#######.#
#l.......
#@# #.#
#.# #.#
#.# #..
###


You could see a leopard gecko.

Vanquished Creatures
  A bat (D:1)
  A goblin (D:1)
2 creatures vanquished.

Notes
Turn   | Place    | Note
-------+----------+-------------------------------------------
     0 | D:1      | Amnesiac the Mummy Wizard began the quest for the Orb.
     0 | D:1      | Reached XP level 1. HP: 13/13 MP: 5/5
    94 | D:2      | Slain by a leopard gecko

Vault maps used:
D:1:      saegor_arrival_simple_d
D:2:      dk_noncrumbling_4, feat_on_display

Action                   || total
-------------------------++-------
Melee: Unarmed           ||     3
 Cast: Magic Dart        ||    10
Armor: Robe              ||     1
Dodge: Dodged            ||    14

Table legend:
 A = Spawn XP
 B = Non-spawn XP
 C = Spawn XP percentage of total XP
 D = Spawn monster count
 E = Non-spawn monster count
 F = Spawn count percentage of total count
 G = Total turns spent on level
                    A         B        C        D         E        F      G
               +---------+---------+-------+---------+---------+-------+---------
         Total |       0 |       4 |   0.0 |       0 |       2 |   0.0 |    94
               +---------+---------+-------+---------+---------+-------+---------
           D:1 |       0 |       4 |   0.0 |       0 |       2 |   0.0 |    88
               +---------+---------+-------+---------+---------+-------+---------
